[Event "Late-Titled-Tuesday-Blitz-January-16-2024"]
[Site "Chess.com"]
[Date "2024.01.16"]
[Round "7"]
[White "orestn"]
[Black "aghasiyevkamal"]
[Result "0-1"]
[WhiteElo "2445"]
[BlackElo "2622"]
[TimeControl "180+1"]
[EndTime "15:15:27 PST"]
[Termination "aghasiyevkamal won by resignation"]

1. e4 e5 2. Nf3 Nc6 3. Bb5 a6 4. Ba4 Nf6 5. O-O b5 6. Bb3 Bc5 7. c3 d6 8. d4 Bb6 9. Bg5 h6 10.
Bh4 g5 11. Bg3 Qe7 12. Re1 Bg4 13. Bd5 Nxd5 14. exd5 Na5 15. Nbd2 f6 16. Qc2 O-O-O 17. a4 Qf7 18. axb5 axb5 19. b4 Nc4 20. Nxc4 bxc4 21. Ra8+ Kb7 22. Ra2 Qxd5 23. Rea1 Ra8 24. Nd2 Be2 25.
Rxa8 Rxa8 26. Rxa8 Kxa8 27. Qa4+ Kb7 28. b5 exd4 29.
Qa6+ Kb8 30. cxd4 c3 0-1

[Event "Late-Titled-Tuesday-Blitz-January-16-2024"]
[Site "Chess.com"]
[Date "2024.01.16"]
[Round "7"]
[White "rdarruda"]
[Black "Bkmzzzzz"]
[Result "1/2-1/2"]
[WhiteElo "2491"]
[BlackElo "2394"]
[TimeControl "180+1"]
[EndTime "15:15:27 PST"]
[Termination "Game drawn by repetition"]

1. d4 d5 2. Nf3 Nf6 3. c4 dxc4 4. e3 e6 5. Bxc4 c5 6. O-O a6 7. Nc3 b5 8. Be2 Nbd7 9. b3 Be7 10. Bb2 O-O 11. Rc1 Bb7 12. Re1 Ne4 13. Qc2 Ndf6 14. Qb1 Rc8 15. Nxe4 Bxe4 16. Bd3 Bxd3 17.
Qxd3 cxd4 18. Qxd4 Qxd4 19. Nxd4 Bb4 20. Red1 Rfd8 21.
Kf1 Kf8 22. Ke2 Ne4 23. Rxc8 Rxc8 24. f3 Nc3+ 25. Bxc3 Rxc3 26. Rd3 Rc7 27. Kd1 Ke7 28. Nc2 Bd6 29. h3 g6 30. Nd4 h5 31. Ne2 Be5 32. Rd2 Bd6 33. Rc2 Rd7 34. Rd2 Rc7 35. Rc2 Rd7 36. Rd2 Rc7 1/2-1/2

[Event "Late-Titled-Tuesday-Blitz-January-16-2024"]
[Site "Chess.com"]
[Date "2024.01.16"]
[Round "7"]
[White "topce"]
[Black "Perecke"]
[Result "0-1"]
[WhiteElo "2369"]
[BlackElo "2551"]
[TimeControl "180+1"]
[EndTime "15:15:28 PST"]
[Termination "Perecke won by resignation"]

1. e4 c5 2. Nf3 e6 3. Qe2 Nc6 4. b3 d5 5. exd5 Qxd5 6. Bb2 Bd7 7. Nc3 Qh5 8. g3 Nf6 9. Bg2 Bd6 10. Ne4 Nxe4 11.
Qxe4 O-O 12. h4 Nb4 13. Ng5 Bc6 14. Qc4 Bxg2 15. Rg1 Bd5 16. Qc3 Qg6 17. d3 Qf6 18. Qxf6 gxf6 19. Bxf6 Nxc2+ 20. Kd2 Nxa1 21. Rxa1 e5 22.
g4 Rfe8 23. Rg1 Be7 24. Nxh7 Kxh7 25. Bxe5 Bxh4 26. f4 f6 27. Bc3 Bf2 28. Rf1 Be3+ 29. Kc2 Bd4 30. Bd2 Re2 31. Kd1 Rh2 32. g5 Re8 33. f5 fxg5 34. f6 Ree2 35. Bxg5 Rxa2 36. f7 Ra1+ 37. Bc1 Bxb3+ 0-1

[Event "Late-Titled-Tuesday-Blitz-January-16-2024"]
[Site "Chess.com"]
[Date "2024.01.16"]
[Round "7"]
[White "ninguno46"]
[Black "dretch"]
[Result "0-1"]
[WhiteElo "2565"]
[BlackElo "2790"]
[TimeControl "180+1"]
[EndTime "15:15:31 PST"]
[Termination "dretch won by resignation"]

1. d4 d5 2. c4 c6 3. Nc3 dxc4 4. a4 e5 5. e3 exd4 6. exd4 Be6 7. Nf3 Nf6 8. Ng5 Bd5 9. Be2 Bxg2 10. Bxc4 Qe7+ 11. Be3 Bxh1 12. Bxf7+ Kd8 13. d5 Nbd7 14. Be6 Bxd5 15. Nxd5 cxd5 16. Nf7+ Ke8 17. Nxh8 Qxe6 18. Qb3 Bc5 0-1

[Event "Late-Titled-Tuesday-Blitz-January-16-2024"]
[Site "Chess.com"]
[Date "2024.01.16"]
[Round "7"]
[White "MightyGMpretender"]
[Black "TangerineandLemon25"]
[Result "1-0"]
[WhiteElo "2826"]
[BlackElo "2619"]
[TimeControl "180+1"]
[EndTime "15:15:32 PST"]
[Termination "MightyGMpretender won by resignation"]

1. Nf3 Nf6 2. c4 e6 3. b3 d5 4. Bb2 Be7 5. g3 O-O 6. Bg2 b6 7. O-O Bb7 8. cxd5 exd5 9. d4 Nbd7 10. Nc3 Ne4 11. Rc1 f5 12. Ne5 Nxe5 13. dxe5 c5 14. f4 Rc8 15. Nxe4 dxe4 16. Qc2 Qc7 17. Rfd1 Rfd8 18. Bh3 g6 19. g4 fxg4 20. Bxg4 Rxd1+ 21. Rxd1 Rd8 22. Qc4+ Kf8 23. Rf1 Bd5 24. Qc3 c4 25. e6 Ke8 26. Qh8+ Bf8 27. Bf6 Qc5+ 28. Kg2 e3+ 29. Kg3 Bxe6 30. Bxe6 c3 31. Qg8 Qc7 32. Bxd8 1-0

[Event "Late-Titled-Tuesday-Blitz-January-16-2024"]
[Site "Chess.com"]
[Date "2024.01.16"]
[Round "7"]
[White "EsmeraldasAnderson03"]
[Black "Mariia89"]
[Result "1-0"]
[WhiteElo "2391"]
[BlackElo "2210"]
[TimeControl "180+1"]
[EndTime "15:15:39 PST"]
[Termination "EsmeraldasAnderson03 won by checkmate"]

1. d4 Nf6 2. c4 c5 3. d5 b5 4. cxb5 a6 5. bxa6 Bxa6 6. Nc3 d6 7. g3 g6 8. Bg2 Bg7 9. Nf3 O-O 10. O-O Nbd7 11. Rb1 Qa5 12. Bd2 Rfb8 13. a4 Qb6 14. b3 Ra7 15. Qc2 Rc7 16. Rfe1 e5 17. dxe6 fxe6 18.
Ng5 d5 19. e4 h6 20. exd5 hxg5 21. dxe6 Nf8 22. e7 N8d7 23. Nd5 Nxd5 24. Bxd5+ Kh7 25. e8=Q Rxe8 26. Rxe8 Nf6 27. Re6 Nxd5 28. Qxg6+ Kg8 29. Re8# 1-0

[Event "Late-Titled-Tuesday-Blitz-January-16-2024"]
[Site "Chess.com"]
[Date "2024.01.16"]
[Round "7"]
[White "GlavkonVVS"]
[Black "Ticondriul"]
[Result "1-0"]
[WhiteElo "2486"]
[BlackElo "2721"]
[TimeControl "180+1"]
[EndTime "15:15:41 PST"]
[Termination "GlavkonVVS won by resignation"]

1. c4 b6 2. Nf3 Bb7 3. g3 e5 4.
Bg2 e4 5. Nd4 Nf6 6. Nc3 Bc5 7.
Nb3 Bb4 8. O-O h5 9. d3 Bxc3 10.
bxc3 h4 11. Bg5 hxg3 12. fxg3 Qe7 13. Bxf6 gxf6 14. Rf4 Na6 15. Bxe4 O-O-O 16. Qf1 Bxe4 17. Rxe4 Qd6 18. Qf4 Qc6 19. a4 Nc5 20. Nd4 Qb7 21. Re7 Kb8 22. a5 Rxh2 23. Kxh2 Rh8+ 24. Qh4 Rxh4+ 25.
gxh4 Qc8 26. Rxf7 Qe8 27. Rg7 Qh5 28. Kh3 Kb7 29. a6+ Nxa6 30. Rxd7 Nc5 31. Rg7 Qh6 32.
Rag1 Qe3+ 33. R1g3 Qc1 34. Rf7 Qxc3 35. Rxc7+ Kb8 36. Rg8+ Kxc7 37. Nb5+ 1-0

[Event "Late-Titled-Tuesday-Blitz-January-16-2024"]
[Site "Chess.com"]
[Date "2024.01.16"]
[Round "7"]
[White "stregachess"]
[Black "SmirnovTimofey2000"]
[Result "1-0"]
[WhiteElo "2068"]
[BlackElo "1963"]
[TimeControl "180+1"]
[EndTime "15:15:44 PST"]
[Termination "stregachess won on time"]

1. d4 d5 2. Nf3 Nf6 3. Bf4 Bf5 4. e3 e6 5. c3 Be7 6. h3 h6 7. Be2 c6 8. Nbd2 Nbd7 9. O-O O-O 10. Ne5 a5 11. a4 Ne4 12. Nxd7 Qxd7 13. Nxe4 Bxe4 14.
Bd3 Bxd3 15. Qxd3 Bd6 16. Bxd6 Qxd6 17. e4 Rfd8 18. e5 Qe7 19. f4 c5 20. f5 exf5 21.
Rxf5 cxd4 22. cxd4 Rac8 23. Raf1 Rf8 24. Qf3 Qe6 25.
Qg4 Rc4 26. Rxf7 Qxf7 27. Rxf7 Rxf7 28. b3 1-0

[Event "Late-Titled-Tuesday-Blitz-January-16-2024"]
[Site "Chess.com"]
[Date "2024.01.16"]
[Round "7"]
[White "jup1978"]
[Black "Nick12772"]
[Result "1-0"]
[WhiteElo "2484"]
[BlackElo "2337"]
[TimeControl "180+1"]
[EndTime "15:15:51 PST"]
[Termination "jup1978 won by resignation"]

1. d4 Nf6 2. Nf3 g6 3. Nbd2 d5 4. e3 Bg7 5. c4 c6 6. b4 O-O 7. Be2 a6 8. O-O Bg4 9. a4 Nbd7 10. Ba3 Re8 11. b5 axb5 12. axb5 dxc4 13. bxc6 bxc6 14.
Nxc4 Nd5 15. Bb2 c5 16. h3 Bf5 17. Nh4 Rxa1 18. Bxa1 Be6 19. e4 Nf4 20. d5 Bxa1 21.
dxe6 Nb6 22. exf7+ Kxf7 23. Nxb6 Qxb6 24. Bc4+ Kg7 25. Qxa1+ e5 26. Rb1 Qf6 27. Rb7+ Re7 28. Rxe7+ Qxe7 29. Nf3 1-0

[Event "Late-Titled-Tuesday-Blitz-January-16-2024"]
[Site "Chess.com"]
[Date "2024.01.16"]
[Round "7"]
[White "Byniolus"]
[Black "GHANDEEVAM2003"]
[Result "0-1"]
[WhiteElo "2763"]
[BlackElo "3011"]
[TimeControl "180+1"]
[EndTime "15:15:55 PST"]
[Termination "GHANDEEVAM2003 won by resignation"]

1. d4 e6 2. Nf3 c5 3. c3 Nc6 4.
Bf4 cxd4 5. cxd4 Qb6 6. e3 Qxb2 7. Nbd2 Nf6 8. Be2 Nd5 9. O-O Nxf4 10. exf4 Nxd4 11. Bd3 Be7 12. Ne5 Nc6 13. Ndc4 Qd4 14. Qf3 O-O 15. Rad1 Qc5 16. Rfe1 d5 17. Nxc6 bxc6 18.
Ne5 Qd6 19. Bxh7+ Kxh7 20. Qh5+ Kg8 21. Rd3 Qb4 22. Rc1 Qxf4 23. Re1 Qf5 0-1

[Event "Late-Titled-Tuesday-Blitz-January-16-2024"]
[Site "Chess.com"]
[Date "2024.01.16"]
[Round "7"]
[White "Maitreia"]
[Black "only_strong_moves"]
[Result "0-1"]
[WhiteElo "2712"]
[BlackElo "2570"]
[TimeControl "180+1"]
[EndTime "15:15:56 PST"]
[Termination "only_strong_moves won by resignation"]

1. c4 e6 2. Nf3 Nf6 3. g3 d5 4. Bg2 Be7 5. O-O O-O 6. b3 c5 7. e3 d4 8. exd4 cxd4 9. Ba3 Nc6 10. Re1 Re8 11. d3 Bxa3 12. Nxa3 e5 13. Nc2 h6 14.
Nd2 Bf5 15. Ne4 Nxe4 16. Bxe4 Bxe4 17. Rxe4 f5 18. Re1 e4 19. b4 Qf6 20. Kg2 Rad8 21. b5 Ne5 22. dxe4 Nxc4 23. e5 Rxe5 24. Rxe5 Qxe5 25. Qd3 Qe4+ 26. Qxe4 fxe4 27. Re1 d3 28.
Ne3 d2 29. Rd1 Nb2 30. Rb1 d1=Q 31. Nxd1 Nxd1 32. Rc1 Rd2 33. Rc8+ Kh7 0-1

[Event "Late-Titled-Tuesday-Blitz-January-16-2024"]
[Site "Chess.com"]
[Date "2024.01.16"]
[Round "7"]
[White "imdarealist"]
[Black "The_Straightforward_Rook"]
[Result "1/2-1/2"]
[WhiteElo "2300"]
[BlackElo "2467"]
[TimeControl "180+1"]
[EndTime "15:15:56 PST"]
[Termination "Game drawn by repetition"]

1. d4 d5 2. Bf4 Nf6 3. e3 c6 4. c4 e6 5. Nc3 Bd6 6. Bg3 O-O 7.
Nf3 Re8 8. Ne5 Qe7 9. c5 Bxe5 10. Bxe5 Nbd7 11. Bd6 Qd8 12. f4 Ne4 13. Nxe4 dxe4 14. Bc4 b5 15. Bb3 a5 16. a4 Ba6 17. axb5 Bxb5 18.
Ba4 Nf6 19. Bxb5 cxb5 20. Qc2 b4 21. O-O Qd7 22. Be5 Qc6 23. Bxf6 gxf6 24. Qe2 Kh8 25. Qh5 Qb7 26. Qh4 Qe7 27. f5 e5 28. d5 Qxc5 29. Qxf6+ Kg8 30. Qg5+ Kh8 31. Qf6+ Kg8 32. Qg5+ Kh8 33. Qf6+ 1/2-1/2

[Event "Late-Titled-Tuesday-Blitz-January-16-2024"]
[Site "Chess.com"]
[Date "2024.01.16"]
[Round "7"]
[White "protectiago"]
[Black "SEBAZZANO"]
[Result "1-0"]
[WhiteElo "2053"]
[BlackElo "2215"]
[TimeControl "180+1"]
[EndTime "15:15:57 PST"]
[Termination "protectiago won by checkmate"]

1. d4 Nf6 2. c4 c5 3. d5 e6 4. Nc3 exd5 5. cxd5 d6 6. g3 g6 7. Bg2 Bg7 8. Nf3 O-O 9. O-O a6 10. a4 Re8 11. Nd2 Nbd7 12. Nc4 Ne5 13. Nxe5 Rxe5 14. Bf4 Re8 15. e4 Ng4 16. Qd2 Rb8 17. h3 Ne5 18.
Ra2 Bxh3 19. Bxe5 Bxg2 20. Bxg7 Bxf1 21. Qh6 Bc4 22. b3 Bxb3 23. Rb2 c4 24. f4 f6 25.
Rh2 Kf7 26. Qxh7 Rf8 27. Bxf8+ Kxf8 28. Qxg6 Qb6+ 29. Kg2 Ke7 30. Rh7+ Kd8 31. Qg8# 1-0

[Event "Late-Titled-Tuesday-Blitz-January-16-2024"]
[Site "Chess.com"]
[Date "2024.01.16"]
[Round "7"]
[White "GothamChess"]
[Black "TigrVShlyape"]
[Result "1/2-1/2"]
[WhiteElo "2760"]
[BlackElo "2941"]
[TimeControl "180+1"]
[EndTime "15:16:03 PST"]
[Termination "Game drawn by repetition"]

1. e4 c5 2. Nc3 e6 3. d4 cxd4 4.
Qxd4 a6 5. Bf4 Nc6 6. Qd3 Nge7 7. O-O-O Ng6 8. Bg3 h5 9. h4 b5 10. Nd5 exd5 11.
exd5 Nce5 12. Re1 d6 13. f4 Be7 14. fxe5 Nxe5 15. Bxe5 dxe5 16. Rxe5 Qd6 17. Qe3 Kf8 18. Nf3 Bg4 19. Bd3 Bf6 20. Qf4 Rd8 21. Rhe1 Bxe5 22.
Nxe5 Qh6 23. Ng6+ Kg8 24. Ne7+ Kf8 25. Ng6+ Kg8 26. Ne7+ Kf8 27. Ng6+ 1/2-1/2

[Event "Late-Titled-Tuesday-Blitz-January-16-2024"]
[Site "Chess.com"]
[Date "2024.01.16"]
[Round "7"]
[White "FontVella8"]
[Black "MrChessSponge"]
[Result "1-0"]
[WhiteElo "2761"]
[BlackElo "2550"]
[TimeControl "180+1"]
[EndTime "15:16:04 PST"]
[Termination "FontVella8 won by resignation"]

1. e4 c5 2. Nf3 e6 3. d4 cxd4 4. Nxd4 Nc6 5. Nc3 Qc7 6. Be3 a6 7. a3 Nf6 8. f4 b5 9. e5 Ng8 10. Be2 Bb7 11. O-O Nxd4 12. Qxd4 Rc8 13. Bf3 Ne7 14.
Bxb7 Qxb7 15. Qd3 Nf5 16. Bf2 d5 17. g4 Nh6 18. h3 Rc4 19. Ne2 Be7 20. Nd4 O-O 21.
b3 Rc7 22. f5 Qc8 23. Be3 Rc3 24. Qd2 Rxe3 25. Qxe3 Bc5 26. f6 Bxd4 27. Qxd4 Qxc2 28. Qf4 Qxb3 29. Rf3 Qc2 30. fxg7 Rc8 31. Qxh6 Qe2 32. Qf4 1-0

[Event "Late-Titled-Tuesday-Blitz-January-16-2024"]
[Site "Chess.com"]
[Date "2024.01.16"]
[Round "7"]
[White "j_coca"]
[Black "DraningWaterHi"]
[Result "1/2-1/2"]
[WhiteElo "2518"]
[BlackElo "2249"]
[TimeControl "180+1"]
[EndTime "15:16:06 PST"]
[Termination "Game drawn by repetition"]

1. f4 d5 2. Nf3 Nf6 3. e3 c5 4.
d4 Nc6 5. c3 Bf5 6. Bd3 e6 7.
O-O h5 8. Ne5 Ne4 9. Qe2 f6 10.
Nf3 c4 11. Bc2 h4 12. Qd1 h3 13. g3 Bg4 14. Nbd2 f5 15. Qe1 b5 16. Ne5 Nxe5 17.
fxe5 Be7 18. a4 a6 19. Nxe4 fxe4 20. b3 Kd7 21. Bd2 Bf3 22. Bd1 Rf8 23. Bxf3 exf3 24.
Qd1 g5 25. bxc4 bxc4 26. Rxf3 Rxf3 27. Qxf3 Qf8 28. Qe2 Rb8 29. e4 Qf7 30. exd5 exd5 31. Rf1 Qe6 32. Qd1 Rb2 33. a5 Ra2 34. Rf2 g4 35.
Qb1 Rxa5 36. Qb7+ Ke8 37. Qb8+ Bd8 38. Bg5 Ra1+ 39. Rf1 Rxf1+ 40. Kxf1 Qf5+ 41. Bf4 Qd3+ 42. Kf2 Qc2+ 43. Kf1 Qxc3 44. Qd6 Qd3+ 45. Kf2 Qc2+ 46. Kf1 Qd1+ 47. Kf2 Qxd4+ 48. Ke2 Qe4+ 49. Kd1 Qd3+ 50.
Kc1 Qf1+ 51. Kc2 Qe2+ 52. Kc1 Qf1+ 53. Kc2 Qd3+ 54. Kc1 Qc3+ 55. Kd1 Qb3+ 56. Kc1 Qc3+ 57. Kd1 Qd3+ 58. Kc1 1/2-1/2

[Event "Late-Titled-Tuesday-Blitz-January-16-2024"]
[Site "Chess.com"]
[Date "2024.01.16"]
[Round "7"]
[White "Bala-Afiada"]
[Black "GAusal"]
[Result "1-0"]
[WhiteElo "2056"]
[BlackElo "2256"]
[TimeControl "180+1"]
[EndTime "15:16:07 PST"]
[Termination "Bala-Afiada won by resignation"]

1. d4 d5 2. c4 c6 3. Nf3 dxc4 4. g3 b5 5. Bg2 Bb7 6. O-O a6 7. a4 e6 8. Ne5 Nf6 9. axb5 axb5 10. Rxa8 Bxa8 11. Nc3 Qb6 12. Bg5 Be7 13. Ne4 O-O 14.
Nxf6+ Bxf6 15. Bxf6 gxf6 16. Ng4 Nd7 17. Qd2 c5 18.
Bxa8 Rxa8 19. Qh6 cxd4 20. Nxf6+ Nxf6 21. Qg5+ Kf8 22. Qxf6 Qd8 23. Qh8+ Ke7 24. Qxh7 Qh8 25.
Qe4 Rb8 26. Rd1 e5 27. Rxd4 f6 28. Rd1 Qc8 29. Qd5 Qe6 30. Qc5+ Kf7 31. Qc7+ Kg6 32.
Qxb8 Qc6 33. Qg8+ Kf5 1-0

[Event "Late-Titled-Tuesday-Blitz-January-16-2024"]
[Site "Chess.com"]
[Date "2024.01.16"]
[Round "7"]
[White "Zampronha1971"]
[Black "dorpato"]
[Result "1-0"]
[WhiteElo "2309"]
[BlackElo "2130"]
[TimeControl "180+1"]
[EndTime "15:16:08 PST"]
[Termination "Zampronha1971 won by resignation"]

1. e4 c5 2. Nf3 d6 3. d4 cxd4 4. Nxd4 g6 5. Nc3 Bg7 6. Be3 Nf6 7. f3 O-O 8. Qd2 Nc6 9. Bc4 Nxd4 10. Bxd4 a6 11. a4 Bd7 12. O-O Bc6 13. a5 Qd7 14.
Bxf6 Bxf6 15. Rfd1 Rac8 16. Kh1 Kg7 17. Ra3 Bxe4 18.
Nxe4 Rxc4 19. Nxf6 Kxf6 20. Qh6 Qf5 21. Qxf8 Qxc2 22.
Re1 Qe2 23. Raa1 Qxb2 24. Qxe7+ Kg7 25. Qxd6 Qf2 26. Qe5+ Kg8 27. Qe2 Qc5 28. Qe8+ Kg7 29. Qe5+ f6 30. Qxc5 Rxc5 31. Re7+ Kh6 32. Rxb7 Kg5 33.
Rb6 h5 34. Rxa6 h4 35. Ra8 Kf4 36. Re8 g5 37. Re4+ Kf5 38. h3 Kg6 39. a6 f5 40.
Rxh4 gxh4 41. a7 f4 42. a8=Q Kg5 43. Qa5 1-0

[Event "Late-Titled-Tuesday-Blitz-January-16-2024"]
[Site "Chess.com"]
[Date "2024.01.16"]
[Round "7"]
[White "ritanovikova"]
[Black "Atousa"]
[Result "0-1"]
[WhiteElo "2179"]
[BlackElo "2468"]
[TimeControl "180+1"]
[EndTime "15:16:10 PST"]
[Termination "Atousa won by resignation"]

1. e4 c5 2. Nc3 a6 3. d3 b5 4. g3 Bb7 5. Bg2 e6 6. Nge2 b4 7. Nb1 d5 8. Nd2 Nf6 9. exd5 Bxd5 10. Nf3 Nbd7 11. Nf4 Bc6 12. O-O Qc7 13. a3 Be7 14.
axb4 cxb4 15. Nd4 Bxg2 16. Nxg2 O-O 17. Ne3 Rfc8 18. Nc4 Bc5 19. Nf3 Nd5 20. b3 Nc3 21.
Qd2 Qb7 22. Nh4 Qd5 23. Bb2 Bd4 24. Ng2 Ne5 25. Nge3 Nf3+ 0-1

[Event "Late-Titled-Tuesday-Blitz-January-16-2024"]
[Site "Chess.com"]
[Date "2024.01.16"]
[Round "7"]
[White "PNEPaul"]
[Black "Rdeux42"]
[Result "0-1"]
[WhiteElo "1914"]
[BlackElo "2457"]
[TimeControl "180+1"]
[EndTime "15:16:10 PST"]
[Termination "Rdeux42 won by resignation"]

1. e4 c6 2. d4 d5 3. exd5 cxd5 4. c4 Nf6 5. Nc3 Nc6 6. Nf3 Bg4 7.
Be2 dxc4 8. Bxc4 e6 9. d5 Bxf3 10. Qxf3 exd5 11. Nxd5 Nxd5 12. Qxd5 Bb4+ 13. Bd2 Qe7+ 14.
Kf1 Bxd2 15. Qxd2 O-O 16. Re1 Qc5 17. Be2 Rad8 18. Qc3 Qxc3 19. bxc3 Rd2 20. a4 Rc2 21. c4 Rd8 22. Rd1 Rxd1+ 23. Bxd1 Rxc4 24. Ke1 Rc1 25. Kd2 Ra1 26. Re1 Kf8 27. Bf3 Rxe1 28. Kxe1 Ke7 29.
Kd2 Kd6 30. Kd3 Ne5+ 31. Ke4 Nxf3 32. Kxf3 b5 0-1

[Event "Late-Titled-Tuesday-Blitz-January-16-2024"]
[Site "Chess.com"]
[Date "2024.01.16"]
[Round "7"]
[White "Mr_November18"]
[Black "Maect19"]
[Result "0-1"]
[WhiteElo "2064"]
[BlackElo "2363"]
[TimeControl "180+1"]
[EndTime "15:16:13 PST"]
[Termination "Maect19 won by resignation"]

1. e4 e6 2. d4 d5 3. Nc3 Bb4 4. Ne2 dxe4 5. a3 Be7 6. Nxe4 Nd7 7. N2g3 Ngf6 8. Bd3 b6 9. O-O Bb7 10. Re1 O-O 11.
c3 c5 12. dxc5 Nxc5 13. Nxc5 Bxc5 14. Bg5 Qd5 15. Be4 Nxe4 16. Nxe4 Qc6 17. Qg4 f5 18.
Qg3 fxe4 19. Re2 Rf7 20. Rae1 Raf8 21. Be3 Bxe3 22. Qxe3 Qc5 23. Qg3 Qf5 24. Qd6 Qd5 25. Qg3 Rf6 26. Qc7 Qc6 27. Qe5 Rf5 28. Qg3 h6 29. Rd2 Rg5 30. Qe3 Qc5 31. Qxc5 Rxc5 32.
Rd7 Rf7 33. Rd8+ Kh7 34. Re3 Rd5 35. g3 Rxd8 0-1

[Event "Late-Titled-Tuesday-Blitz-January-16-2024"]
[Site "Chess.com"]
[Date "2024.01.16"]
[Round "7"]
[White "GoltsevDmitry2000"]
[Black "ShahMatKanal"]
[Result "1-0"]
[WhiteElo "2745"]
[BlackElo "2524"]
[TimeControl "180+1"]
[EndTime "15:16:17 PST"]
[Termination "GoltsevDmitry2000 won on time"]

1. e4 c6 2. e5 d6 3. exd6 exd6 4. d4 Be7 5. c4 Nf6 6. Nf3 O-O 7. Nc3 Bf5 8. Be2 h6 9. O-O Nbd7 10.
Bf4 Re8 11. Qd2 Nf8 12. h3 a5 13.
Rfe1 Qd7 14. d5 c5 15. Bd1 Bd8 16. Ba4 Rxe1+ 17. Rxe1 Qc7 18. Nb5 Qb6 19. Nxd6 Bg6 20. Ne5 Bc7 21. Nb5 Bxe5 22. Bxe5 N8d7 23. Bc7 Qa6 24.
Re7 Rc8 25. d6 Bf5 26. b3 Be6 27. Nc3 Kf8 28. Qe3 b6 29. Bc6 Rxc7 30. Rxf7+ Kxf7 31. dxc7 Qc8 32. Nb5 Ke7 33. Qg3 g5 34. Na7 Qh8 35. c8=Q Qh7 36. Qcc7 Qb1+ 37. Kh2 Qxa2 38.
Nc8+ Kf7 39. Qd8 1-0

[Event "Late-Titled-Tuesday-Blitz-January-16-2024"]
[Site "Chess.com"]
[Date "2024.01.16"]
[Round "7"]
[White "giomar27"]
[Black "KSho99"]
[Result "1-0"]
[WhiteElo "2388"]
[BlackElo "2152"]
[TimeControl "180+1"]
[EndTime "15:16:17 PST"]
[Termination "giomar27 won on time"]

1. f3 d5 2. g3 e5 3. Nh3 Nf6 4. Nf2 h5 5. Bg2 h4 6. g4 Bd6 7. h3 c5 8. O-O Nc6 9. d3 Be6 10. e4 d4 11. a4 a6 12. Bg5 Rb8 13. Nd2 Bc7 14. b3 Ne7 15. Bxf6 gxf6 16. f4 exf4 17. Nf3 Ng6 18. Qd2 Ba5 19. Qe2 Bc3 20.
Rab1 b5 21. axb5 axb5 22. e5 O-O 23. exf6 Qxf6 24. Ne4 Qe7 25. g5 Kg7 26. Nf6 Rh8 27. Nh2 Bf5 28. Nh5+ Rxh5 29. Qxh5 Qe3+ 30. Kh1 Bxh3 31. Bxh3 Qxh3 32. Rf3 Qf5 33. Qh6+ Kg8 34. Rbf1 Re8 35. Rg1 Re2 36. Ng4 1-0

[Event "Late-Titled-Tuesday-Blitz-January-16-2024"]
[Site "Chess.com"]
[Date "2024.01.16"]
[Round "7"]
[White "Rodalquilar"]
[Black "NovakRatko"]
[Result "1-0"]
[WhiteElo "2724"]
[BlackElo "2326"]
[TimeControl "180+1"]
[EndTime "15:16:18 PST"]
[Termination "Rodalquilar won on time"]

1. d4 d5 2. Nf3 c5 3. c4 dxc4 4. d5 e6 5. e4 exd5 6. exd5 Nf6 7. Bxc4 Bd6 8. Qe2+ Qe7 9. Qxe7+ Kxe7 10. O-O Rd8 11. Nc3 a6 12. Bg5 Bg4 13. Rfe1+ Kf8 14. Ne4 Bxf3 15. Nxf6 gxf6 16. Bxf6 Rd7 17. gxf3 b5 18.
Bd3 Bf4 19. Bxh7 Rxd5 20. Be4 Rd6 21. Bxa8 Rxf6 22. Rad1 Rg6+ 23. Kf1 Bxh2 24. Rd8+ Kg7 25. Ree8 Rg1+ 26. Ke2 Rb1 27. b3 Rb2+ 28. Ke3 Rxa2 29. f4 1-0

[Event "Late-Titled-Tuesday-Blitz-January-16-2024"]
[Site "Chess.com"]
[Date "2024.01.16"]
[Round "7"]
[White "tactic"]
[Black "AEMEffi"]
[Result "1-0"]
[WhiteElo "2543"]
[BlackElo "2361"]
[TimeControl "180+1"]
[EndTime "15:16:21 PST"]
[Termination "tactic won on time"]

1. e4 e5 2. Nf3 Nc6 3. Bc4 Bc5 4. d4 Bxd4 5. Nxd4 Nxd4 6. Be3 Nc6 7. Qg4 Qf6 8. Nc3 d5 9. Qg3 dxc4 10. Nd5 Qg6 11.
Nxc7+ Kd8 12. Nxa8 Qxg3 13. O-O-O+ Bd7 14. fxg3 Nf6 15. Rhf1 Kc8 16. Bxa7 Nxa7 17. Nb6+ Kc7 18. Rxf6 gxf6 19.
Nxd7 Nc6 20. Nxf6 b5 21. Rd7+ Kb6 22. Rxf7 Ra8 23. a3 Kc5 24. Rxh7 b4 25. axb4+ Nxb4 26. Kd2 Rd8+ 27. Rd7 Rf8 28. Ng4 Nc6 29. Nxe5 Rf2+ 30. Ke3 Rxg2 31. Rd5+ Kb6 32. Rd6 Rxc2 33. Rxc6+ 1-0

[Event "Late-Titled-Tuesday-Blitz-January-16-2024"]
[Site "Chess.com"]
[Date "2024.01.16"]
[Round "7"]
[White "Akhayan"]
[Black "Lennis93"]
[Result "0-1"]
[WhiteElo "2351"]
[BlackElo "2697"]
[TimeControl "180+1"]
[EndTime "15:16:21 PST"]
[Termination "Lennis93 won by resignation"]

1. e4 c5 2. Nf3 Nc6 3. Nc3 e6 4. d4 cxd4 5. Nxd4 Qc7 6. g3 a6 7. Bg2 Nf6 8. O-O Nxd4 9. Qxd4 Bc5 10. Bf4 d6 11. Qd2 h6 12. Rad1 e5 13. Be3 Bb4 14.
Nb5 axb5 15. Qxb4 Rxa2 16. Rxd6 Qc4 17. Qd2 O-O 18. Rxf6 gxf6 19. Bxh6 Re8 20. c3 Bg4 21.
h3 Bh5 22. Qd7 Qc6 23. Qd2 Bg6 24. Re1 b4 25. cxb4 Kh7 26. Be3 Bxe4 27. Bxe4+ Qxe4 28. Qd7 Rf8 29. Bd2 Qg6 30. Bc3 b6 31. Kh2 Rfa8 32. Rd1 Ra1 33. Rd6 Kg8 34. Bxe5 Qe4 0-1

[Event "Late-Titled-Tuesday-Blitz-January-16-2024"]
[Site "Chess.com"]
[Date "2024.01.16"]
[Round "7"]
[White "Aguiar94"]
[Black "GMJustin"]
[Result "0-1"]
[WhiteElo "2502"]
[BlackElo "2349"]
[TimeControl "180+1"]
[EndTime "15:16:21 PST"]
[Termination "GMJustin won by resignation"]

1. e4 c6 2. d4 d5 3. e5 Bf5 4. Nf3 e6 5. Be2 Bb4+ 6. c3 Ba5 7. O-O Nd7 8. Nbd2 Ne7 9. Re1 Ng6 10. Nf1 Nh4 11. Nxh4 Qxh4 12. Ng3 Bg6 13. Be3 O-O 14. Qd2 Qe7 15. h4 f6 16. h5 Bf7 17. exf6 gxf6 18.
Bh6 Rfe8 19. Bd3 Qd6 20. Qc2 Nf8 21. Bxf8 Qxf8 22. Bxh7+ Kh8 23. Bg6 Bc7 24. Re3 f5 25. Rf3 Bxg6 26. hxg6 Qh6 27. Nxf5 Qh2+ 28. Kf1 Qh1+ 29.
Ke2 exf5+ 30. Kd2 Qxa1 31. Rxf5 Qe1+ 0-1

[Event "Late-Titled-Tuesday-Blitz-January-16-2024"]
[Site "Chess.com"]
[Date "2024.01.16"]
[Round "7"]
[White "ozates"]
[Black "ChessBrainiacOnTwitch"]
[Result "1-0"]
[WhiteElo "2606"]
[BlackElo "2791"]
[TimeControl "180+1"]
[EndTime "15:16:22 PST"]
[Termination "ozates won by checkmate"]

1. e4 c5 2. Nf3 d6 3. Bb5+ Nd7 4.
O-O a6 5. Bd3 b5 6. c4 bxc4 7.
Bxc4 Ngf6 8. Nc3 e6 9. d4 cxd4 10. Nxd4 Bb7 11. Re1 Qc7 12. Bxe6 fxe6 13. Nxe6 Qc6 14.
Nd5 Rc8 15. Bg5 Kf7 16. Rc1 Qb5 17. Rxc8 Bxc8 18. a4 Qxb2 19. Re2 Qe5 20. Nd8+ Kg8 21. f4 Qe8 22. Qb3 Qf7 23. Nxf7 Nc5 24. Nxf6+ gxf6 25. Nh6+ Kg7 26. Qf7# 1-0

[Event "Late-Titled-Tuesday-Blitz-January-16-2024"]
[Site "Chess.com"]
[Date "2024.01.16"]
[Round "7"]
[White "angelgab3"]
[Black "Chessbard1972"]
[Result "0-1"]
[WhiteElo "2604"]
[BlackElo "2434"]
[TimeControl "180+1"]
[EndTime "15:16:22 PST"]
[Termination "Chessbard1972 won by resignation"]

1. e4 c5 2. Nf3 a6 3. g3 Nc6 4.
Bg2 g6 5. O-O Bg7 6. c3 e5 7. Na3 b5 8. Nc2 Nge7 9. d4 cxd4 10. cxd4 d6 11. Be3 O-O 12. Rc1 Bg4 13. h3 Bxf3 14. Bxf3 exd4 15. Nxd4 Rc8 16. Bg2 Ne5 17. Rxc8 Qxc8 18. b3 N7c6 19. Qd2 Nxd4 20. Bxd4 Qe6 21. Rd1 Rc8 22. Qa5 Nc6 23. Qb6 Nxd4 24. Rxd4 Bxd4 25. Qxd4 Qe5 26. Qb6 Rc1+ 27. Kh2 h5 28. h4 Rc2 29.
Qxa6 Rxf2 30. a4 bxa4 31. bxa4 Qb2 32. Qc8+ Kg7 33. Qh3 Qa2 34. Kg1 Rd2 35. g4 hxg4 36. Qxg4 Qxa4 37. h5 Qd4+ 38. Kh1 Rd1+ 39. Kh2 Qe5+ 0-1